 Dungeon Crawl Stone Soup version 0.28-a0-1038-g9c4cb8273d (webtiles) character file.

Game seed: 5031657787212585071

32 siradein the Skirmisher (level 3, -1/33 HPs)
             Began as a Draconian Fighter on Dec 8, 2021.
             Slain by an ogre (5 damage)
             ... on level 4 of the Dungeon.
             The game lasted 00:03:24 (1190 turns).

siradein the Skirmisher (Draconian Fighter)         Turns: 1190, Time: 00:03:25

Health: -1/33      AC:  5    Str: 20    XL:     3   Next: 8%
Magic:  3/3        EV: 12    Int:  8    God:
Gold:   41         SH:  4    Dex: 10    Spells: 2/2 levels left

rFire   . . .      SeeInvis .   a - +0 flail
rCold   . . .      Faith    .   b - +0 buckler
rNeg    . . .      Spirit   .   (armour unavailable)
rPois   .          Reflect  .   (helmet restricted)
rElec   .          Harm     .   (no cloak)
rCorr   .          Rampage  .   (no gloves)
Will    .....                   (no boots)
Stlth   +.........              (no amulet)
HPRegen 0.11/turn               (no ring)
MPRegen 0.08/turn               (no ring)

@: no status effects
A: AC +5, unfitting armour, cold-blooded
a: no special abilities


You were on level 4 of the Dungeon.
You visited 1 branch of the dungeon, and saw 3 of its levels.

You collected 41 gold pieces.

Inventory:

Hand Weapons
 a - a +0 flail (weapon)
Armour
 b - a +0 buckler (worn)
Scrolls
 d - a scroll of enchant armour {unknown}
 f - a scroll of fog {unknown}
 g - a scroll of enchant weapon {unknown}
 j - a scroll of identify {unknown}
Potions
 c - a potion of might
 e - a potion of magic {unknown}
 h - 2 potions of mutation {unknown}


   Skills:
 + Level 3.7 Fighting
 + Level 2.4 Maces & Flails
 + Level 3.0 Dodging
 + Level 3.3 Shields


You had 2 spell levels left.
You didn't know any spells.
Your spell library contained the following spells:

 Spells                   Type           Power      Damage    Failure   Level
 Magic Dart               Conj           0%         1d3       43%         1
 Call Imp                 Summ           0%         N/A       56%         2
 Mephitic Cloud           Conj/Pois/Air  0%         N/A       80%         3


Dungeon Overview and Level Annotations

Branches:
Dungeon (2/15)

Altars:


Innate Abilities, Weirdness & Mutations

Your plain brown scales are hard. (AC +5)
You cannot fit into any form of body armour.
You are cold-blooded and may be slowed by cold attacks.


Message History

You see here 8 stones. 3 orcs come into view.
The orc shouts! x2
You block the orc's attack.
A ball python comes into view.
The ball python hisses angrily.
The ball python closely misses you. You block the ball python's attack.
Found a robe.
The ball python bites you but does no damage.
The ball python barely misses you. 3 orcs come into view.
An orc is wielding a +0 falchion of distortion.
The orc shouts!
You hear a shout!
An orc priest comes into view. It is wielding a +0 club.
The orc shouts!
The orc priest shouts!
The orc throws a boomerang.
The boomerang hits you but does no damage.
The ball python bites you but does no damage.
The ball python grabs you. The ball python constricts you.
You escape the ball python's grasp.
The ogre misses you.
You hit the ogre.
The ogre is lightly wounded.
The ogre barely misses you.
You barely miss the ogre.
The ogre is lightly wounded.
The ogre hits you with a +0 giant club.
You barely miss the ogre.
The ogre is lightly wounded.
The ogre completely misses you.
You hit the ogre.
The ogre is moderately wounded.
The ogre hits you with a +0 giant club!!
Ouch! That really hurt!
* * * LOW HITPOINT WARNING * * *
You sock the ogre!
The ogre is severely wounded.
The ogre hits you with a +0 giant club.
You die...

##...##### #o##.###...
#..$...# #.##.# ###.
#######.# #O##.# #.
#....(#.# #.##.# #.
#.#.#.#.###### #O##.## #.
.. #.#...##oo.# #.....#
#.
#####.######S#.#######..#
#$ #...#.#
##O#S#.#####..####.
#.#.#.#.#
#.@#oo..[o........)
#.#.....#
####.#..o.....#####
#.####### ##o..#####.#
##.# ##.## #.# #..# #[#
#.# #.## #.# #.# #.#


#oo ..# ####.## ..# ## ......# #.# You could see an ogre, 2 orcs and a ball
python.

Vanquished Creatures
  2 dart slugs (D:1)
  3 endoplasms
  A giant cockroach (D:1)
  3 goblins (D:1)
  2 hobgoblins (D:2)
  3 kobolds
  2 quokkas (D:1)
  5 ball pythons
  3 bats (D:1)
  A frilled lizard (D:2)
  A rat (D:1)
26 creatures vanquished.

Notes
Turn   | Place    | Note
-------+----------+-------------------------------------------
     0 | D:1      | siradein the Draconian Fighter began the quest for the Orb.
     0 | D:1      | Reached XP level 1. HP: 19/19 MP: 1/1
    94 | D:1      | Found a faded altar of an unknown god.
   103 | D:1      | Got Plato's Disquisition on Damage Dealing
   196 | D:1      | Reached XP level 2. HP: 26/26 MP: 2/2
   767 | D:2      | Reached XP level 3. HP: 33/33 MP: 3/3
   775 | D:2      | You fall into a shaft and drop 2 floors!
   862 | D:4      | Noticed an ogre
  1190 | D:4      | Slain by an ogre

Illustrated notes

Levels and vault maps discovered:
D:1:      lemuel_arrival_lava_pool, layout_basic,
          shapermc_ecumenical_altar_rom_forum
D:2:      layout_rooms
D:4:      layout_loops_ring, minmay_temple_entry_hall, minmay_misc_feat_ornament

Skill      XL: |  1  2 |
---------------+-------+-----
Dodging        | 3 |  3.0
Fighting       | |  3.7
Maces & Flails | |  2.4
Shields        | |  3.3

Action                   || total
-------------------------++-------
Melee: Flail             ||    52
       Tailslap          ||     3
Throw: Dart              ||     5
Armor: Skin              ||    19
Dodge: Dodged            ||    39
Block: Buckler           ||    12

Table legend: (Time is in decaauts)
 A = Elapsed time spent in this place.
 B = Non-inter-level travel time spent in this place.
 C = Inter-level travel time spent in this place.
 D = Time resting spent in this place.
 E = Time spent auto-exploring this place.
 F = Levels seen in this place.
 G = Mean time per level.
                   A        B        C        D        E       F      G
               +--------+--------+--------+--------+--------+-----+--------+
         Total |   1208 |   1195 |     13 |      0 |    692 |   3 |  402.7 |
       Dungeon |   1208 |   1195 |     13 |      0 |    692 |   3 |  402.7 |
               +--------+--------+--------+--------+--------+-----+--------+

Top non-repeatable levels by time:
     D:1: 733 daAuts
     D:4: 420 daAuts
     D:2: 54 daAuts
